 Dungeon Crawl Stone Soup version 0.30-a0-347-gf58ed5266c (webtiles) character file.

Game seed: 2336451351008556368

907 oldriver the Changer (level 8, -2/83 HPs)
             Began as an Ogre Transmuter on Nov 7, 2022.
             Was a Follower of Uskayaw.
             Slain by a gnoll
             ... wielding a +0 spear
             ... led by a gnoll sergeant
              (7 damage)
             ... on level 6 of the Dungeon.
             The game lasted 00:09:51 (6288 turns).

oldriver the Changer (Ogre Transmuter)              Turns: 6288, Time: 00:09:52

Health: -2/83      AC:  4    Str: 15    XL:     8   Next: 8%
Magic:  14/16      EV:  9    Int: 16    God:    Uskayaw [*.....]
Gold:   1364       SH:  0    Dex:  9    Spells: 11/17 levels left

rFire   . . .      SeeInvis .    x - +1 hand axe (venom)
rCold   . . .      Faith    .    (no shield)
rNeg    . . .      Spirit   .    a - +0 robe
rPois   .          Reflect  .    (helmet currently unavailable)
rElec   .          Harm     .    d - +0 cloak
rCorr   .          Rampage  .    (gloves unavailable)
Will    .....                    (boots unavailable)
Stlth   +.........               (no amulet)
HPRegen 0.33/turn                (no ring)
MPRegen 0.15/turn                (no ring)

@: appendages, wereblooded
A: horns 2, talons 2, large, unfitting armour, tough skin 1
a: End Transformation, Renounce Religion, Stomp


You were on level 6 of the Dungeon.
You worshipped Uskayaw.
Uskayaw was noncommittal.
You had temporarily grown beastly horns and talons.
You visited 1 branch of the dungeon, and saw 6 of its levels.

You collected 1364 gold pieces.

Inventory:

Hand Weapons
 x - a +1 hand axe of venom (weapon)
Armour
 a - a +0 robe (worn)
 d - a +0 cloak (worn)
Wands
 s - a wand of charming (12)
 u - a wand of flame (21)
Scrolls
 f - a scroll of magic mapping
 g - 2 scrolls of fear
 i - a scroll of amnesia
 r - a scroll of blinking
 w - a scroll of fog
Potions
 b - a potion of lignification
 c - 3 potions of resistance {unknown}
 e - a potion of magic {unknown}
 h - 3 potions of mutation
 k - a potion of heal wounds
 l - a potion of brilliance {unknown}
 m - 2 potions of might
 n - 3 potions of degeneration
 o - 4 potions of flight
 q - 2 potions of haste {unknown}
 v - 4 potions of curing


   Skills:
 + Level 5.8 Fighting
 - Level 1.7 Dodging
 - Level 2.6 Unarmed Combat
 + Level 5.3 Spellcasting
 * Level 6.0 Transmutations
 + Level 0.1 Poison Magic


You had 11 spell levels left.
You knew the following spells:

 Your Spells              Type           Power      Damage    Failure   Level
a - Beastly Appendage     Tmut           46%        N/A       1%          1
b - Wereblood             Tmut           23%        N/A       1%          2
c - Spider Form           Tmut/Pois      14%        N/A       12%         3

Your spell library contained the following spells:

 Spells                   Type           Power      Damage    Failure   Level
 Ice Form                 Ice/Tmut       14%        N/A       38%         4


Dungeon Overview and Level Annotations

Branches:
Dungeon (6/15)             Temple (0/1) D:4

Altars:
Uskayaw
Zin
The Shining One

Shops:
D:1 :

Annotations:
D:4 3 runed translucent doors, Iich's ghost, amateur MiBe; brightshaft's ghost, weakling DgHu; oldriver's ghost, amateur OgTm; sirJeffrey23's ghost, novice FoFi; ytrimaz's ghost, amateur OgBe


Innate Abilities, Weirdness & Mutations

You have temporarily grown beastly horns and talons.
You are too large for most types of armour.
You have tough skin. (AC +1)


Message History

You open the door. 2 gnolls come into view.
The gnoll shouts!
You hear a shout!
A gnoll comes into view. It is wielding a +0 spear.
The gnoll shouts! x2
A gnoll sergeant and a gnoll come into view.
The gnoll sergeant is wielding a +3 vorpal spear.
The gnoll shouts!
The gnoll sergeant shouts!
The gnoll barely misses you.
There is an open door here.
You grow a pair of large bovine horns.
Your feet morph into talons.
The gnoll hits you from afar with a +0 halberd.
You barely miss the gnoll. You claw the gnoll.
The gnoll is moderately wounded.
The gnoll closely misses you. The gnoll barely misses you.
The gnoll sergeant hits you from afar with a +3 vorpal spear!
The gnoll barely misses you. x2; The gnoll sergeant closely misses you.
You hit the gnoll.
The gnoll is moderately wounded.
The gnoll hits you from afar with a +0 halberd!
The gnoll hits you with a +0 whip.
The gnoll sergeant hits you from afar with a +3 vorpal spear!
Casting: Beastly Appendage (safe; 1% risk of failure)
Confirm with . or Enter, or press ? or * to list all spells.
Your blood is infused with primal strength.
The gnoll hits you from afar with a +0 halberd.
The gnoll hits you with a +0 whip.
The gnoll sergeant hits you from afar with a +3 vorpal spear!
You hit the gnoll.
The gnoll is poisoned.
Your kick misses the gnoll.
The gnoll is severely wounded.
You hit the gnoll but do no damage.
The gnoll is poisoned.
The gnoll hits you from afar with a +0 halberd.
* * * LOW HITPOINT WARNING * * *
The gnoll hits you with a +0 whip.
* * * LOW HITPOINT WARNING * * *
The gnoll misses you.
The gnoll sergeant hits you from afar with a +3 vorpal spear!
* * * LOW HITPOINT WARNING * * *
x2 The gnoll hits you from afar with a +0 spear!
You die...

#..... ..........
#..... #.....
#.....#######
#.....#.....## #
#....g#......+ .#
#....ggg.....# ...
#.....#.....## ...#
+...g.#.@...##....#
#.....#...........#
.......#.<.........#
.......#............
.......########....#
....... ...# ..# .#
#


You could see a gnoll sergeant and 3 gnolls.

Vanquished Creatures
  Edmund (D:4)
  An ice beast (D:5)
  An ogre (D:5)
  A phantom (D:5)
  2 hounds
  2 jellies
  3 orc priests (D:5)
  4 iguanas
  3 orc wizards (D:5)
  3 gnolls (D:4)
  5 adders
  2 worms
  2 dart slugs
  15 orcs
  6 endoplasms
  6 giant cockroaches
  5 goblins
  8 hobgoblins
  3 jackals (D:3)
  7 kobolds
  3 quokkas
  3 ball pythons
  2 bats
  3 frilled lizards
  5 rats
96 creatures vanquished.

Vanquished Creatures (others)
  A fungus (D:3)
1 creature vanquished.

Grand Total: 97 creatures vanquished

Notes
Turn   | Place    | Note
-------+----------+-------------------------------------------
     0 | D:1      | oldriver the Ogre Transmuter began the quest for the Orb.
     0 | D:1      | Reached XP level 1. HP: 19/19 MP: 3/3
    89 | D:1      | Reached skill level 2 in Transmutations
   169 | D:1      | Reached XP level 2. HP: 28/28 MP: 3/5
   704 | D:1      | Found Kotojae's Book Boutique.
   915 | D:1      | Reached XP level 3. HP: 35/35 MP: 5/7
  1853 | D:2      | Identified a scroll of acquirement
  1853 | D:2      | Acquired 1105 gold pieces
  1921 | D:2      | Learned a level 2 spell: Wereblood
  1942 | D:3      | Reached skill level 3 in Transmutations
  1976 | D:3      | Reached XP level 4. HP: 44/44 MP: 6/8
  2195 | D:3      | Found a faded altar of an unknown god.
  2832 | D:4      | Reached XP level 5. HP: 48/53 MP: 5/10
  3053 | D:4      | Found a staircase to the Ecumenical Temple.
  3313 | D:4      | Reached skill level 4 in Transmutations
  3358 | D:4      | Found a runed translucent gate.
  3358 | D:4      | Found a runed translucent gate.
  3358 | D:4      | Found a runed translucent gate.
  3358 | D:4      | Noticed Iich's ghost (amateur MiBe)
  3358 | D:4      | Noticed oldriver's ghost (amateur OgTm)
  3358 | D:4      | Noticed sirJeffrey23's ghost (novice FoFi)
  3358 | D:4      | Noticed brightshaft's ghost (weakling DgHu)
  3359 | D:4      | Noticed ytrimaz's ghost (amateur OgBe)
  3441 | D:4      | Reached XP level 6. HP: 37/62 MP: 8/11
  3544 | D:4      | Found a hide-covered altar of Uskayaw.
  3608 | D:4      | Became a worshipper of Uskayaw the Reveller
  3669 | D:4      | Noticed Edmund
  3674 | D:4      | Reached * piety under Uskayaw
  3679 | D:4      | Reached ** piety under Uskayaw
  3680 | D:4      | Killed Edmund
  4217 | D:5      | Entered Level 5 of the Dungeon
  4356 | D:5      | Reached XP level 7. HP: 30/71 MP: 6/13
  4661 | D:5      | Reached skill level 5 in Transmutations
  4781 | D:5      | Reached *** piety under Uskayaw
  4804 | D:5      | HP: 3/71 [acid (1)]
  4807 | D:5      | Reached skill level 5 in Fighting
  5263 | D:5      | Reached skill level 5 in Spellcasting
  5483 | D:5      | Found a glowing silver altar of Zin.
  5638 | D:5      | Reached skill level 6 in Transmutations
  5638 | D:5      | Reached XP level 8. HP: 29/83 MP: 10/16
  5806 | D:5      | Learned a level 3 spell: Spider Form
  5841 | D:5      | Found a glowing golden altar of the Shining One.
  6233 | D:6      | Noticed a troll
  6288 | D:6      | Slain by a gnoll

Illustrated notes

Levels and vault maps discovered:
D:1:      lemuel_arrival_room, layout_basic, serial_shops,
          nicolae_shop_advertising_works [nicolae_subvault_shop_adworks]
D:2:      layout_basic
D:3:      layout_loops_ring, dreamdust_ecumenical_altar_grove
D:4:      layout_basic, nicolae_uskayaw_suspiria,
          minmay_temple_entry_gardened_gates, gammafunk_ghost_cemetery,
          uniq_edmund
D:5:      layout_basic, kennysheep_mini, zin_scriptorium
D:6:      layout_gridville, mainiacjoe_overflow_alcove_4,
          minmay_misc_feat_hallway, st_stairs_8

Skill      XL: |  1  2  3  4  5  6  7 |
---------------+----------------------+-----
Transmutations | 2 3 4 6 |  6.0
Fighting       | 2 3 4 5 |  5.8
Spellcasting   | 3 4 5 |  5.3
Dodging        | |  1.7
Unarmed Combat | |  2.6
Poison Magic   | |  0.1

Action                   |  1- 3 |  4- 6 |  7- 9 || total
-------------------------+-------+-------+-------++-------
Melee: Unarmed           |    24 |       |       ||    24
       Kick              |    20 |    28 |    30 ||    78
       Headbutt          |    12 |    19 |    18 ||    49
       Short sword       |    65 |   119 |    77 ||   261
       Punch             |     1 |     2 |     2 ||     5
       Hand axe          |       |       |    27 ||    27
 Cast: Beastly Appendage |    35 |    26 |    10 ||    71
       Wereblood         |       |    18 |     9 ||    27
Invok: Line Pass         |       |     1 |     1 ||     2
       Stomp             |       |       |     1 ||     1
  Use: Scroll            |     9 |     1 |     4 ||    14
       Potion            |       |     1 |     2 ||     3
 Stab: Paralysed         |       |       |     5 ||     5
Armor: Robe              |    22 |    31 |    20 ||    73
Dodge: Dodged            |    30 |    45 |    49 ||   124

Table legend: (Time is in decaauts)
 A = Elapsed time spent in this place.
 B = Non-inter-level travel time spent in this place.
 C = Inter-level travel time spent in this place.
 D = Time resting spent in this place.
 E = Time spent auto-exploring this place.
 F = Levels seen in this place.
 G = Mean time per level.
                   A        B        C        D        E       F      G
               +--------+--------+--------+--------+--------+-----+--------+
         Total |   6293 |   6104 |    189 |    722 |   4466 |   6 | 1048.8 |
       Dungeon |   6293 |   6104 |    189 |    722 |   4466 |   6 | 1048.8 |
               +--------+--------+--------+--------+--------+-----+--------+

Top non-repeatable levels by time:
     D:5: 2060 daAuts
     D:4: 1420 daAuts
     D:1: 995 daAuts
     D:2: 924 daAuts
     D:3: 873 daAuts
     D:6: 18 daAuts
